 Dungeon Crawl Stone Soup version 0.31.0-9-g3a7656b989 (webtiles) character file.

Game seed: 10055129380496956704

21 qw the Shooter (level 2, -7/16 HPs)
             Began as a Deep Elf Hunter on Feb 2, 2024.
             Mangled by Terence
             ... wielding a +0 flail
              (8 damage)
             ... on level 2 of the Dungeon.
             The game lasted 00:00:02 (1017 turns).

qw the Shooter (Deep Elf Hunter)                    Turns: 1017, Time: 00:00:03

Health: -7/16      AC:  3    Str:  8    XL:     2   Next: 65%
Magic:  4/4        EV: 12    Int: 13    God:
Gold:   65         SH:  0    Dex: 18    Spells: 1/1 levels left

rFire   . . .        a - +0 shortbow
rCold   . . .        (shield currently unavailable)
rNeg    . . .        c - +0 leather armour
rPois   .            (no helmet)
rElec   .            (no cloak)
rCorr   .            (no gloves)
SInv    .            (no boots)
Will    .....        (no amulet)
Stlth   ++           (no ring)
HPRegen 0.22/turn    (no ring)
MPRegen 0.09/turn

%: no passive effects
@: no status effects
A: no striking features
a: no special abilities


You were on level 2 of the Dungeon.
You visited 1 branch of the dungeon, and saw 2 of its levels.

You collected 65 gold pieces.


   Skills:
 - Level 1.5 Fighting
 + Level 6.4 Ranged Weapons
 - Level 2.4 Dodging
 - Level 1.2 Stealth


You had one spell level left.
You didn't know any spells.
Your spell library was empty.

Inventory:

Hand Weapons
 a - a +0 shortbow (weapon)
Armour
 c - a +0 leather armour (worn)
Scrolls
 b - a scroll of fear {unknown}

Dungeon Overview and Level Annotations

Branches:
Dungeon (2/15)

Altars:

Annotations:
D:2 Terence


Message History

You shoot an arrow.
The arrow hits Terence but does no damage.
You shoot an arrow. The arrow completely misses Terence.
Terence barely misses you.
You shoot an arrow.
The arrow hits Terence but does no damage.
Terence hits you with a +0 flail.
You shoot an arrow. The arrow barely misses Terence.
Terence hits you with a +0 flail.
You shoot an arrow.
The arrow hits Terence but does no damage.
Terence barely misses you. x2
You shoot an arrow.
The arrow hits Terence but does no damage.
Terence barely misses you.
You shoot an arrow. The arrow closely misses Terence.
Terence misses you.
You shoot an arrow.
The arrow hits Terence but does no damage.
Terence barely misses you.
You shoot an arrow. The arrow hits Terence.
Terence is lightly wounded.
Terence barely misses you.
You shoot an arrow. The arrow hits Terence.
Terence is heavily wounded.
Terence barely misses you.
You shoot an arrow. The arrow barely misses Terence.
Terence barely misses you.
You shoot an arrow.
The arrow hits Terence but does no damage.
Terence is heavily wounded.
Terence hits you with a +0 flail.
You shoot an arrow. The arrow completely misses Terence.
Terence barely misses you.
You shoot an arrow. The arrow hits Terence.
Terence is heavily wounded.
Terence closely misses you. Terence hits you with a +0 flail!
Ouch! That really hurt!
You die...
Terence says, "Time to find some more victims."

..........##.#
###.#..##.##.#
........#.##.#
....#.#.#.##.#
......#.#..#.########
####..#..............
#..######.########
#.........#########..
####.#..........@@......
..##.#.#.......#######..
..##.#.#.###.......#
.........#.#.#.###.#
...........#.#.# #.#
.........#.#.#.# #.#
.............#.# #.#
.........#.###.###.#
#(.......#.# #..<#.#


You could see Terence.

Vanquished Creatures
  An endoplasm (D:2)
  2 giant cockroaches (D:1)
  2 goblins
  3 hobgoblins
  3 kobolds
  A quokka (D:2)
  2 ball pythons (D:1)
  2 bats (D:1)
  2 frilled lizards
  A rat (D:1)
19 creatures vanquished.

Notes
Turn   | Place    | Note
-------+----------+-------------------------------------------
     0 | D:1      | qw the Deep Elf Hunter began the quest for the Orb.
     0 | D:1      | Reached XP level 1. HP: 12/12 MP: 3/3
     0 | D:1      | 0 ||| qw: Version: 0.3-a-155-g5e7d8dd
     0 | D:1      | 0 ||| qw: Game counter: 2199
     0 | D:1      | 0 ||| qw: Melee chars always use a shield: true
     0 | D:1      | 0 ||| qw: God list: Okawaru
     0 | D:1      | 0 ||| qw: Allow faded altars: false
     0 | D:1      | 0 ||| qw: Do Orc after clearing Dungeon:15 true
     0 | D:1      | 0 ||| qw: Do second Lair branch before Depths: true
     0 | D:1      | 0 ||| qw: Lair rune preference: random
     0 | D:1      | 0 ||| qw: Goals: Normal
     0 | D:1      | 0 ||| PLANNING D:1-11
   139 | D:1      | Found a faded altar of an unknown god.
   307 | D:1      | Reached XP level 2. HP: 16/16 MP: 4/4
   310 | D:1      | Reached skill level 6 in Ranged Weapons
   761 | D:1      | 761 ||| READING scroll labelled NUCASICWEKH.
   761 | D:1      | 761 ||| IDENTIFYING 3 glowing golden potions
   762 | D:1      | 762 ||| READING scroll labelled GUOL EKHUANNE.
   763 | D:1      | 763 ||| READING scroll labelled MEPPUR BYOSHA.
   764 | D:1      | 764 ||| DROPPING scroll of butterflies.
   765 | D:1      | 765 ||| DROPPING 3 potions of brilliance.
   767 | D:1      | 767 ||| Stepping ~*~*~tactically~*~*~ (cloud).
   769 | D:1      | HP: 4/16 [poisoned by you (poison gas)]
   773 | D:1      | HP: 1/16 [poisoned by you (poison gas)]
   999 | D:2      | Noticed Terence
  1007 | D:2      | HP: 4/16 [Terence/+0 flail (6)]
  1015 | D:2      | HP: 1/16 [Terence/+0 flail (5)]
  1017 | D:2      | Mangled by Terence

Levels and vault maps discovered:
D:1:      dpeg_arrival_line_fractal, layout_basic, basic_ecumenical_altar
D:2:      layout_basic, basic_altar, uniq_terence, uniq_jessica

Skill      XL: |  1  2 |
---------------+-------+-----
Ranged Weapons | 6 |  6.4
Fighting       | |  1.5
Dodging        | |  2.4
Stealth        | |  1.2

Action                     || total
---------------------------++-------
   Fire: Shortbow          ||    62
    Use: Scroll            ||     3
 Armour: Leather armour    ||     8
  Dodge: Dodged            ||    15

Table legend:
 A = Non-vault XP
 B = Vault XP
 C = Vault XP percentage of total XP
 D = Non-vault monster count
 E = Vault monster count
 F = Vault count percentage of total count
                 A         B        C        D         E       F
            +---------+---------+-------+---------+---------+-------
      Total |      31 |       0 |   0.0 |      19 |       0 |   0.0
            +---------+---------+-------+---------+---------+-------
        D:1 |      21 |       0 |   0.0 |      13 |       0 |   0.0
        D:2 |      10 |       0 |   0.0 |       6 |       0 |   0.0
            +---------+---------+-------+---------+---------+-------
